AoeStats
← Griff

Arena

503965364Analyzed
1v1 RM · 29d ago on Sep 3, 2026· 23m 20s· 2 players
Game mode
Random Map
Map size
Tiny (2 player)
Population
200
Speed
Normal
Resources
Standard
Victory
Conquest
Starting age
Dark Age
Ending age
Imperial Age
RankedLock teamsTeams togetherTeam positionsShared explorationLock speedFull tech treeHidden civsTurbo modeCheats
Victory
Defeat
🇹🇷 Teutons · Türkiye
589
+14
🇦🇺 Celts · Australia
556
-21
Griff
2:49 Loom
11:35 Feudal Age
12:52 Wheelbarrow
13:18 Horse Collar
16:04 Double-Bit Axe
ozgurulas90
14:24 Feudal Age
16:40 Double-Bit Axe
16:38 Horse Collar
16:55 Gold Mining
16:59 Stone Mining
19:35 Castle Age
18:43 Forging
18:34 Scale Mail Armor
20:38 Bow Saw
20:32 Heavy Plow
21:18 Iron Casting
20:59 Chain Mail Armor
Connection lost

Rejoining the realm…

Still unreachable

The connection could not be restored.

Session expired

The server has moved on; the page needs a fresh start.